 Dungeon Crawl Stone Soup version 0.26.0-10-g1f06aea511 (webtiles) character file.

Game seed: 6199591497634449137

33320 mopl the Impaler (level 13, 0/101 HPs)
             Began as a Merfolk Abyssal Knight on Jan 14, 2021.
             Was an Elder of Lugonu.
             Slain by a blink frog (11 damage)
             ... on level 2 of the Lair of Beasts.
             The game lasted 00:35:21 (17711 turns).

mopl the Impaler (Merfolk Abyssal Knight)          Turns: 17711, Time: 00:35:21

Health: 0/101      AC: 12    Str: 17    XL:     13   Next: 70%
Magic:  23/23      EV: 17    Int: 11    God:    Lugonu [****..]
Gold:   1509       SH:  5    Dex: 12    Spells: 9/12 levels left

rFire    . . .     SeeInvis +   b - +0 bardiche
rCold    . . .     Faith    .   (shield currently unavailable)
rNeg     + . .     Spirit   .   c - +0 troll leather armour
rPois    +         Reflect  +   (no helmet)
rElec    .         Harm     .   d - +1 cloak
rCorr    .         Rampage  .   v - +0 pair of gloves
Will     .....                  N - +0 pair of boots
Stlth    +.........             f - amulet of reflection
HPRegen  0.66/turn              P - ring of Ecatwom {rPois rN+ Dex-2 SInv}
MPRegen  0.18/turn              O - +4 ring of protection

@: studying Throwing
A: change form in water, swift swim, stealthy swim
a: Renounce Religion, Depart the Abyss, Bend Space, Banish, Corrupt


You were on level 2 of the Lair of Beasts.
You worshipped Lugonu.
Lugonu was greatly pleased with you.
You visited 2 branches of the dungeon, and saw 14 of its levels.
You visited the Abyss 1 time.
You also visited: Ossuary, Bailey and Ice Cave.

You collected 1704 gold pieces.
You spent 195 gold pieces at shops.

Inventory:

Hand Weapons
 a - a +2 vorpal halberd
 b - a +0 bardiche (weapon)
Missiles
 n - 22 boomerangs (quivered)
 t - 2 javelins
 y - 37 poisoned darts
 G - 5 curare-tipped darts
Armour
 c - a +0 troll leather armour (worn)
 d - a +1 cloak (worn)
 v - a +0 pair of gloves (worn)
 z - a +0 scale mail of positive energy
 L - +0 acid dragon scales
 N - a +0 pair of boots (worn)
Jewellery
 f - an amulet of reflection (around neck)
 u - a +4 ring of evasion
 M - an uncursed ring of protection from fire
 O - a +4 ring of protection (right hand)
 P - the ring of Ecatwom (left hand) {rPois rN+ Dex-2 SInv}
   (You found it in an ice cave)

   [ring of positive energy]

   It affects your dexterity (-2).
   It protects you from poison.
   It protects you from negative energy.
   It lets you see invisible.
Wands
 p - a wand of digging (6)
 I - a wand of paralysis (5)
 K - a wand of polymorph (3)
 S - a wand of iceblast (10)
Scrolls
 e - 6 scrolls of remove curse
 h - 8 scrolls of immolation
 i - 4 scrolls of blinking
 k - 2 scrolls of identify
 m - 6 scrolls of teleportation
 o - a scroll of enchant weapon
 r - 2 scrolls of magic mapping
 s - 3 scrolls of fear
 A - a scroll of enchant armour
 E - a scroll of vulnerability
Potions
 g - 6 potions of brilliance
 l - 4 potions of haste
 q - a potion of flight
 w - 3 potions of curing
 x - a potion of ambrosia
 B - a potion of resistance {unknown}
 H - 3 potions of heal wounds
Books
 j - a manual of Throwing
Miscellaneous
 C - a condenser vane
 D - a phantom mirror


   Skills:
 + Level 9.6 Fighting
 * Level 17.2 Polearms
 - Level 7.5 Throwing
 + Level 2.3 Armour
 + Level 10.9 Dodging
 + Level 1.5 Translocations
 + Level 13.4 Invocations
 + Level 3.1 Evocations


You had 9 spell levels left.
You knew the following spells:

 Your Spells              Type           Power        Failure   Level
a - Apportation           Tloc           6%           22%         1
e - Blink                 Tloc           N/A          34%         2

Your spell library contained the following spells:

 Spells                   Type           Power        Failure   Level
 Animate Skeleton         Necr           0%           38%         1
 Beastly Appendage        Tmut           0%           38%         1
 Corona                   Hex            0%           38%         1
 Magic Dart               Conj           0%           38%         1
 Summon Small Mammal      Summ           0%           38%         1
 Call Imp                 Summ           0%           54%         2
 Slow                     Hex            0%           54%         2
 Wereblood                Tmut           0%           54%         2
 Gell's Gravitas          Tloc           1%           56%         3
 Confusing Touch          Hex            0%           77%         3
 Conjure Flame            Conj/Fire      0%           77%         3
 Mephitic Cloud           Conj/Pois/Air  0%           77%         3
 Spider Form              Tmut/Pois      0%           77%         3
 Ice Form                 Ice/Tmut       0%           99%         4
 Petrify                  Tmut/Erth      0%           99%         4
 Blade Hands              Tmut           0%           100%        5
 Metabolic Englaciation   Hex/Ice        0%           100%        5
 Yara's Violent Unravell  Hex/Tmut       0%           100%        5


Dungeon Overview and Level Annotations

Branches:
Dungeon (12/15)            Temple (0/1) D:4            Lair (2/6) D:9
  Snake (0/4) Lair:2          Orc (0/2) D:9         Ossuary (visited)
 Bailey (visited)           IceCv (visited)
  Swamp: Lair:2-4    Shoals: Lair:2-4

Altars:
Cheibriados
Dithmenos
Fedhas
Gozag
Okawaru
Uskayaw
Wu Jian
Xom

Shops:
D:8 }(

Annotations:
D:8 3 runed translucent doors, Tungsten's ghost, novice SpIE
D:10 3 runed translucent doors
D:12 Kirke; Psyche
Abyss:1 Erica; Fannar


Message History

Unknown command.
Reach: b) +0 bardiche
Press: ? - help, Dir - move target, f/p - blink frog
Aim: a blink frog (severely wounded)
Okay, then.
You closely miss the blink frog.
The blink frog is severely wounded.
The blink frog hits you.
* * * LOW HITPOINT WARNING * * *
The blink frog blinks!
The bullfrog closely misses you.
You slice the bullfrog!!
You kill the bullfrog!
Lugonu accepts your kill. The blink frog barely misses you.
The blink frog hits you!
* * * LOW HITPOINT WARNING * * *
You see here a bullfrog corpse.
You slash the blink frog!
The blink frog is severely wounded.
The blink frog hits you!
You die...

#....#.#.... .##
††..##.......# ####..##.
#........#....# ##........
##......#......#
#P........ #P....###
#....###....F.F..
##.....(####.......†#
###....P.#.#...).#.##### .
##.....##.#.F...##...## P
#.#....###[#@.....>...##..
####....#.#.#F............
##....#####..#.........
##....###.####..P.#P#
##....##.####...##
#.....###.#...####.
###.................
##................
##...#...........


You could see 2 blink frogs.

Vanquished Creatures
  A two-headed ogre (D:12)
  Nergalle (D:9)
  Pikel (D:6)
  An orc knight (Bailey)
  A deep elf mage (D:12)
  A manticore (D:12)
  An ugly thing (D:11)
  Joseph (D:10)
  2 ice statues (IceCv)
  A gargoyle (D:10)
  A torpor snail (Lair:2)
  Maggie (D:6)
  2 rime drakes (IceCv)
  2 ice devils (Lair:1)
  2 trolls
  A polar bear (Lair:2)
  6 blink frogs (Lair:2)
  Grinder (D:1)
  2 dream sheep (Lair:2)
  2 wraiths
  6 wyverns
  2 hogs
  33 yaks
  Eustachio (D:6)
  A basilisk (D:9)
  A steam dragon (D:9)
  Edmund (D:5)
  4 two-headed ogre zombies (D:12)
  7 nagas (Lair:2)
  An acid dragon (D:12)
  5 water moccasins
  A black bear (D:6)
  18 ice beasts
  A sky beast (D:10)
  9 orc warriors
  2 phantoms
  4 ogres
  2 necrophages
  6 centaurs
  3 lemures
  2 big kobolds
  Blork the orc (D:6)
  12 bullfrogs
  An elf zombie (Ossuary)
  A wyvern skeleton (D:11)
  6 howler monkeys
  11 wights
  An electric eel (D:11)
  2 bullfrog zombies
  2 quasits
  6 orc priests
  Crazy Yiuf (D:4)
  7 hounds
  4 jellies
  2 centaur zombies
  2 bullfrog skeletons
  3 orc wizards
  2 centaur skeletons (D:4)
  2 iguanas
  4 worker ants
  2 hell rats (Lair:2)
  A big kobold zombie (Ossuary)
  A hound zombie (D:3)
  3 mummies (Ossuary)
  2 howler monkey skeletons (D:5)
  7 river rats (Lair:2)
  12 adders
  3 shadow imps
  3 white imps
  2 oozes
  5 adder zombies
  2 adder skeletons
  3 worms
  3 dart slugs (D:3)
  A leopard gecko (D:5)
  29 orcs
  2 ball pythons (D:5)
  5 bats
  5 giant cockroaches
  14 goblins
  5 hobgoblins
  4 jackals
  8 quokkas
  5 frilled lizards
  6 goblin zombies
  A hobgoblin zombie (Ossuary)
  23 kobolds
  3 kobold zombies (Ossuary)
  A leopard gecko skeleton (D:4)
  A quokka skeleton (D:5)
  A quokka zombie (Ossuary)
  6 rats
  3 rat zombies (Ossuary)
383 creatures vanquished.

Vanquished Creatures (others)
  4 fungi (Lair:2)
  26 plants
30 creatures vanquished.

Grand Total: 413 creatures vanquished

Notes
Turn   | Place    | Note
-------+----------+-------------------------------------------
     0 | Abyss:1  | mopl the Merfolk Abyssal Knight began the quest for the
                  | Orb.
     0 | Abyss:1  | Reached XP level 1. HP: 18/18 MP: 2/2
    53 | Abyss:1  | Noticed a wretched star
    54 | D:1      | Escaped the Abyss
   275 | D:1      | Reached XP level 2. HP: 24/24 MP: 3/3
   376 | D:1      | Reached * piety under Lugonu
   765 | D:1      | Reached skill level 4 in Polearms
   765 | D:1      | Reached skill level 3 in Invocations
   765 | D:1      | Reached XP level 3. HP: 29/29 MP: 5/5
   833 | D:2      | Reached XP level 4. HP: 29/35 MP: 6/6
  1099 | D:2      | Reached skill level 5 in Polearms
  1744 | D:2      | Reached skill level 4 in Invocations
  1744 | D:2      | Reached XP level 5. HP: 32/41 MP: 6/8
  2195 | D:3      | Reached ** piety under Lugonu
  2292 | D:3      | Reached skill level 6 in Polearms
  2549 | D:3      | Noticed Grinder
  2551 | D:3      | Paralysed by Grinder for 6 turns
  2854 | D:3      | Paralysed by Grinder for 7 turns
  2878 | D:1      | Paralysed by Grinder for 2 turns
  3225 | D:4      | Reached XP level 6. HP: 47/47 MP: 9/9
  3275 | D:4      | Reached skill level 7 in Polearms
  3275 | D:4      | Reached skill level 5 in Invocations
  3284 | D:4      | Found a staircase to the Ecumenical Temple.
  3366 | D:4      | Found a sand-covered staircase.
  3374 | Ossuary  | Entered an ossuary
  3421 | Ossuary  | Reached XP level 7. HP: 29/52 MP: 11/11
  3693 | Ossuary  | Reached skill level 8 in Polearms
  3693 | Ossuary  | Reached skill level 6 in Invocations
  3821 | D:4      | Reached *** piety under Lugonu
  4329 | D:4      | Found a runed translucent door.
  4330 | D:4      | Noticed Crazy Yiuf
  4695 | D:5      | Entered Level 5 of the Dungeon
  4846 | D:5      | Reached skill level 9 in Polearms
  4846 | D:5      | Reached skill level 3 in Dodging
  4846 | D:5      | Reached XP level 8. HP: 52/58 MP: 13/13
  4856 | D:5      | Noticed Edmund
  5066 | D:5      | Reached skill level 1 in Throwing
  5232 | D:5      | Reached skill level 7 in Invocations
  5691 | D:6      | Noticed Maggie
  5880 | D:7      | Reached skill level 4 in Fighting
  6006 | D:6      | Noticed Pikel
  6059 | D:8      | Noticed Erica
  6069 | D:8      | Banished Erica
  6070 | D:8      | Reached skill level 10 in Polearms
  6070 | D:8      | Reached skill level 2 in Throwing
  6070 | D:8      | Reached skill level 4 in Dodging
  6070 | D:8      | Reached skill level 8 in Invocations
  6070 | D:8      | Reached XP level 9. HP: 66/66 MP: 14/15
  6136 | D:8      | Reached skill level 3 in Throwing
  6136 | D:8      | Reached skill level 5 in Dodging
  6142 | D:8      | Found Meoh's Gadget Boutique.
  6149 | D:8      | Bought a wand of paralysis (11) for 195 gold pieces
  6186 | D:8      | Found a runed translucent gate.
  6186 | D:8      | Found a runed translucent gate.
  6186 | D:8      | Found a runed translucent gate.
  6187 | D:8      | Noticed a nine-headed hydra
  6187 | D:8      | Noticed Tungsten's ghost (novice SpIE)
  6254 | D:8      | Found a flagged portal.
  6263 | Bailey   | Entered a bailey
  6272 | Bailey   | Noticed an orc knight
  6293 | Bailey   | Reached skill level 11 in Polearms
  6329 | Bailey   | Reached skill level 5 in Fighting
  6342 | Bailey   | Noticed an orc knight
  6343 | Bailey   | Banished an orc knight
  6344 | Bailey   | Reached skill level 9 in Invocations
  6345 | Bailey   | Noticed an orc knight
  6346 | Bailey   | Banished an orc knight
  6347 | Bailey   | Reached skill level 6 in Dodging
  6347 | Bailey   | Reached XP level 10. HP: 39/75 MP: 16/16
  6362 | Bailey   | Reached skill level 4 in Throwing
  7068 | Bailey   | Reached skill level 12 in Polearms
  7327 | Bailey   | Noticed an orc knight
  7334 | Bailey   | Banished an orc knight
  7383 | Bailey   | Reached skill level 6 in Fighting
  7384 | Bailey   | Killed an orc knight
  7649 | D:8      | Found Egio's Weapon Boutique.
  7807 | D:6      | Found a hide-covered altar of Uskayaw.
  7827 | D:6      | Noticed Eustachio
  7842 | D:6      | Killed Eustachio
  7843 | D:6      | Reached skill level 10 in Invocations
  7881 | D:6      | Noticed Blork the orc
  7892 | D:6      | Killed Blork the orc
  8044 | D:6      | Found a blossoming altar of Fedhas.
  8457 | D:7      | Learned a level 1 spell: Apportation
  8745 | D:6      | Killed Maggie
  8746 | D:6      | Reached skill level 7 in Dodging
  9031 | D:6      | Killed Pikel
  9032 | D:6      | Reached skill level 13 in Polearms
  9032 | D:6      | Reached skill level 5 in Throwing
  9167 | D:5      | Reached **** piety under Lugonu
  9188 | D:5      | Killed Edmund
  9309 | D:5      | Found an iron altar of Okawaru.
  9311 | D:5      | Found a stormy altar of Qazlal.
  9311 | D:5      | Found an ornate altar of the Wu Jian Council.
  9313 | D:5      | Found a shadowy altar of Dithmenos.
  9313 | D:5      | Found a snail-covered altar of Cheibriados.
  9313 | D:5      | Found a shimmering altar of Xom.
  9672 | D:5      | Found an opulent altar of Gozag.
  9992 | D:4      | Killed Crazy Yiuf
 10179 | D:1      | Killed Grinder
 10424 | D:9      | Reached XP level 11. HP: 73/83 MP: 18/18
 10988 | D:9      | Found an iron altar of Okawaru.
 11017 | D:9      | Reached skill level 7 in Fighting
 11040 | D:9      | Reached skill level 11 in Invocations
 11052 | D:9      | Reached skill level 8 in Dodging
 11352 | D:9      | Found a staircase to the Orcish Mines.
 11393 | D:9      | Found an ornate altar of the Wu Jian Council.
 11670 | D:9      | Reached skill level 14 in Polearms
 11966 | D:9      | Noticed a two-headed ogre
 11987 | D:9      | Banished a two-headed ogre
 12035 | D:9      | Found a staircase to the Lair.
 12179 | D:10     | Entered Level 10 of the Dungeon
 12461 | D:10     | Noticed Joseph
 12474 | D:10     | Killed Joseph
 12475 | D:10     | Reached skill level 6 in Throwing
 12662 | D:10     | Reached ***** piety under Lugonu
 12819 | D:10     | Noticed a two-headed ogre
 12821 | D:10     | Noticed Nergalle
 12822 | D:10     | Banished a two-headed ogre
 12936 | D:9      | Killed Nergalle
 13183 | D:10     | Reached XP level 12. HP: 72/92 MP: 20/20
 13287 | D:10     | Found a runed translucent gate.
 13287 | D:10     | Found a runed translucent gate.
 13287 | D:10     | Found a runed translucent gate.
 13569 | D:11     | Reached skill level 9 in Dodging
 13619 | D:10     | Reached skill level 8 in Fighting
 13619 | D:10     | Reached skill level 15 in Polearms
 13782 | D:11     | Noticed a centaur warrior
 13789 | D:10     | Reached skill level 12 in Invocations
 14375 | D:11     | Banished a centaur warrior
 14638 | D:11     | Noticed Fannar
 14641 | D:11     | Banished Fannar
 15000 | D:12     | Noticed a two-headed ogre
 15016 | D:12     | Banished a two-headed ogre
 15017 | D:12     | Reached skill level 7 in Throwing
 15230 | D:12     | Noticed Kirke
 15256 | D:12     | Noticed Psyche
 15489 | D:12     | Noticed a two-headed ogre
 15499 | D:12     | Killed a two-headed ogre
 15500 | D:12     | Reached skill level 16 in Polearms
 15726 | Lair:1   | Entered Level 1 of the Lair of Beasts
 15763 | Lair:1   | Noticed a five-headed hydra
 15765 | Lair:1   | Banished a five-headed hydra
 15766 | Lair:1   | Reached skill level 10 in Dodging
 15796 | Lair:1   | Reached skill level 13 in Invocations
 15814 | Lair:1   | Reached skill level 9 in Fighting
 15814 | Lair:1   | Reached XP level 13. HP: 77/101 MP: 22/22
 15902 | Lair:1   | Found a frozen archway.
 15955 | IceCv    | Entered an ice cave
 15972 | IceCv    | Reached skill level 1 in Armour
 16056 | IceCv    | Reached skill level 1 in Evocations
 16381 | IceCv    | Noticed an ice dragon
 16381 | IceCv    | Noticed an ice dragon
 16401 | IceCv    | Banished an ice dragon
 16409 | IceCv    | Banished an ice dragon
 16410 | IceCv    | Reached skill level 2 in Evocations
 16461 | IceCv    | Got a heavily runed steel ring
 16507 | IceCv    | Identified the ring of Ecatwom {rPois rN+ Dex-2 SInv} (You
                  | found it in an ice cave)
 16771 | Lair:1   | Learned a level 2 spell: Blink
 17097 | Lair:1   | Identified a scroll of acquirement
 17112 | Lair:1   | Acquired a manual of Throwing
 17196 | Lair:2   | Got a steaming brass amulet
 17197 | Lair:2   | Identified the amulet of the Many Scars {Inacc *Contam
                  | rPois rC- Int+9} (You found it on level 2 of the Lair of
                  | Beasts)
 17335 | Lair:2   | Found a staircase to the Snake Pit.
 17355 | Lair:2   | Reached skill level 2 in Armour
 17378 | Lair:2   | Reached skill level 17 in Polearms
 17408 | Lair:2   | Reached skill level 1 in Translocations
 17646 | Lair:2   | Reached skill level 3 in Evocations
 17711 | Lair:2   | Slain by a blink frog

Illustrated notes

Levels and vault maps discovered:
D:1:      nagdon_arrival_zigzag_paths, layout_basic, kennysheep_pointless_box
D:2:      layout_rooms
D:3:      kennysheep_the_goblin_king, layout_basic, uniq_grinder
D:4:      layout_basic, minmay_temple_entry_waves, enter_ossuary_4,
          uniq_crazy_yiuf_cottage
D:5:      layout_layer_cave, kennysheep_mini_moat, doesnt_xom_only_xom,
          uniq_edmund
D:6:      layout_basic, kennysheep_little_box, fedhas_altar_3,
          uniq_blork_the_orc, uniq_eustachio, uniq_maggie, uniq_pikel
D:7:      layout_loops_cross
D:8:      layout_basic, enter_bailey_4, serial_shops, shop_fountains, shop,
          gammafunk_ghost_hydra_chop, minmay_misc_feat_rugged, uniq_erica
D:9:      layout_basic, old_standard_altar, general_overflow_altar,
          erik_lair_dragon, orc_0_dummy
D:10:     layout_gridville, ploomutoo_gammafunk_ghost_potion_laboratory,
          uniq_nergalle, uniq_joseph
D:11:     layout_cave_pools, serial_bayou, serial_bayou_pond_a,
          serial_bayou_pond_d, serial_bayou_ford_a, serial_bayou_pond_e,
          uniq_fannar
D:12:     lemuel_ogre_cave, layout_loops_ring, uniq_kirke, uniq_psyche
Lair:1:   layout_roguey, portal_ice_cave_demonic_guard
Lair:2:   layout_concentric_octagons, minmay_snake_entry_guardpost_medium,
          kennysheep_rathole

Skill      XL: |  1  2  3  4  5  6  7  8  9 10 11 12 13 |
---------------+----------------------------------------+-----
Polearms       | 4 5 6 7 9 10 11 13 14 16 17 | 17.2
Invocations    | 3 4 5 6 8 9 10 11 13 | 13.4
Dodging        | 3 4 6 7 8 10 | 10.9
Throwing       | 2 3 5 6 7 |  7.5
Fighting       | 4 5 6 7 9 |  9.6
Armour         | 2 |  2.3
Evocations     | 3 |  3.1
Translocations | 1 |  1.5

Action                   |  1- 3 |  4- 6 |  7- 9 | 10-12 | 13-15 || total
-------------------------+-------+-------+-------+-------+-------++-------
Melee: Spear             |    83 |   266 |   519 |   113 |       ||   981
       Unarmed           |       |       |    17 |     9 |       ||    26
       Trident           |       |       |       |   140 |       ||   140
       Halberd           |       |       |       |   534 |   124 ||   658
       Tailslap          |       |       |       |     7 |       ||     7
       Bardiche          |       |       |       |    74 |   185 ||   259
Throw: Boomerang         |       |       |     8 |       |     1 ||     9
       Dart              |       |       |     4 |       |       ||     4
Invok: Depart the Abyss  |     1 |       |       |       |       ||     1
       Bend Space        |       |     1 |       |       |       ||     1
       Banish            |       |       |     4 |    15 |     7 ||    26
Evoke: Wand              |       |     9 |     2 |     9 |       ||    20
       Condenser vane    |       |       |       |     1 |       ||     1
  Use: Scroll            |       |     6 |     1 |     5 |    12 ||    24
       Potion            |       |     3 |     3 |     2 |       ||     8
 Stab: Sleeping          |       |     1 |       |     4 |       ||     5
       Paralysed         |       |       |       |     8 |       ||     8
Armor: Leather armour    |    15 |     4 |       |       |       ||    19
       Ring mail         |       |    25 |    65 |    25 |       ||   115
       Skin              |       |       |    45 |    10 |       ||    55
       Steam dragon scal |       |       |       |    53 |       ||    53
       Troll leather arm |       |       |       |    27 |    67 ||    94
Dodge: Dodged            |    28 |    77 |   129 |   444 |   198 ||   876
Block: Other             |     7 |    30 |    78 |   114 |    45 ||   274
       Reflection        |       |     3 |       |    11 |     3 ||    17
